 Dungeon Crawl Stone Soup version 0.29.1-15-g9cfb28693d (webtiles) character file.

Game seed: 5019270179207557405

410801 cowcol the Conqueror (level 22, 0/349 HPs)
             Began as a Minotaur Fighter on Mar 12, 2023.
             Was a High Priest of Okawaru.
             Slain by a vault warden
             ... wielding a +0 great sword
              (27 damage)
             ... on level 5 of the Vaults on Mar 14, 2023.
             The game lasted 03:26:50 (64649 turns).

cowcol the Conqueror (Minotaur Fighter)            Turns: 64649, Time: 03:26:51

Health: 0/349      AC: 18    Str: 34    XL:     22   Next: 46%
Magic:  0/27       EV: 16    Int:  6    God:    Okawaru [*****.]
Gold:   4365       SH:  0    Dex: 21    Spells: 21/21 levels left

rFire   + + +      SeeInvis +   s - +2 executioner's axe (flame)
rCold   + + .      Faith    .   (shield currently unavailable)
rNeg    + . .      Spirit   +   T - +3 plate armour of Chimes {rN+ Regen+ Str+3 Int-5}
rPois   +          Reflect  .   b - +0 hat of the Countless Orbs {rPois Will+ Str+3}
rElec   .          Harm     .   V - scarf {rC+ rF+}
rCorr   +          Rampage  .   D - +2 pair of gloves
Will    ++...                   p - +1 pair of boots of Failure {*Corrode rF+++ rC+ Dex+5}
Stlth   ..........              J - amulet of guardian spirit
HPRegen 1.48/turn               h - ring of Wanisu {rPois rCorr Int+6 Dex+2 SInv}
MPRegen 0.20/turn               z - +4 ring of evasion

@: berserking, heroic, corroded, studying 2 skills, very quick
A: horns 2, retaliatory headbutt
}: 2/15 runes: decaying, gossamer
a: Renounce Religion, Heroism, Finesse, Duel


You were on level 5 of the Vaults.
You worshipped Okawaru.
Okawaru was extremely pleased with you.
You visited 7 branches of the dungeon, and saw 37 of its levels.
You also visited: Sewer and Bailey.

You collected 5863 gold pieces.
You spent 1498 gold pieces at shops.

Inventory:

Hand Weapons
 j - the +8 battleaxe "Jaalev" {speed, Int+5 Dex-5 Stlth+}
   (Okawaru gifted it to you on level 1 of the Swamp)

   Attacks with this weapon are significantly faster.
   Int:       It affects your intelligence (+5).
   Dex:       It affects your dexterity (-5).
   Stlth:     It makes you more stealthy.
 s - a +2 executioner's axe of flaming (weapon)
 y - the +1 hand axe of the Lumpy Hells {freeze, rElec rPois Str-5 Stlth+}
   (Okawaru gifted it to you on level 2 of the Spider Nest)

   It freezes those it strikes, dealing additional cold damage.
   It can also slow down cold-blooded creatures.
   Str:       It affects your strength (-5).
   rElec:     It insulates you from electricity.
   rPois:     It protects you from poison.
   Stlth:     It makes you more stealthy.
 K - the +4 war axe of Biuxtah {flame, rN+}
   (You acquired it on level 5 of the Dungeon)

   It burns those it strikes, dealing additional fire damage.
   Big, fiery blades are also staple armaments of hydra-hunters.
   rN:        It protects you from negative energy.
Missiles
 u - 20 poisoned darts
 B - 3 atropa-tipped darts (quivered)
 L - 31 boomerangs
Armour
 b - the +0 hat of the Countless Orbs (worn) {rPois Will+ Str+3}
   (Okawaru gifted it to you on level 1 of the Lair of Beasts)

   Str:       It affects your strength (+3).
   rPois:     It protects you from poison.
   Will:      It increases your willpower.
 p - the +1 pair of boots of Failure (worn) {*Corrode rF+++ rC+ Dex+5}
   (Okawaru gifted it to you on level 2 of the Lair of Beasts)

   Dex:       It affects your dexterity (+5).
   rF:        It renders you almost immune to fire.
   rC:        It protects you from cold.
   *Corrode:  It may corrode you when you take damage.
 t - a +2 cloak
 D - a +2 pair of gloves (worn)
 T - the +3 plate armour of Chimes (worn) {rN+ Regen+ Str+3 Int-5}
   (Okawaru gifted it to you on level 9 of the Dungeon)

   Str:       It affects your strength (+3).
   Int:       It affects your intelligence (-5).
   rN:        It protects you from negative energy.
   Regen:     It increases your rate of health regeneration.
 V - a scarf of resistance (worn)
 X - a +1 tower shield of protection
Jewellery
 h - the ring of Wanisu (left hand) {rPois rCorr Int+6 Dex+2 SInv}
   (You acquired it on level 1 of the Dungeon)

   [ring of intelligence]

   Int:       It affects your intelligence (+6).
   Dex:       It affects your dexterity (+2).
   rPois:     It protects you from poison.
   SInv:      It lets you see invisible.
   rCorr:     It protects you from acid and corrosion.
 z - a +4 ring of evasion (right hand)
 A - a ring of protection from fire
 J - an amulet of guardian spirit (around neck)
Wands
 n - a wand of mindburst (38)
 v - a wand of flame (90)
 x - a wand of light (48)
 M - a wand of digging (23)
 R - a wand of iceblast (13)
Scrolls
 a - 23 scrolls of identify
 i - 10 scrolls of teleportation
 q - 3 scrolls of fear
 r - a scroll of enchant armour
 G - 14 scrolls of butterflies
 H - 3 scrolls of summoning
 S - 3 scrolls of magic mapping
 U - 13 scrolls of poison
Potions
 d - 6 potions of might
 e - 4 potions of magic
 g - 3 potions of cancellation
 k - 3 potions of mutation
 l - 14 potions of curing
 m - 9 potions of lignification
 o - 5 potions of ambrosia
 I - 2 potions of invisibility
 N - a potion of heal wounds
 P - 4 potions of resistance
 Q - a potion of brilliance
 W - 3 potions of flight
Miscellaneous
 c - a phantom mirror
 f - a lightning rod (4/4)
 C - a lightning rod (4/4)
 E - a piece from Xom's chessboard (15/15)
 Y - a phial of floods
 Z - a box of beasts


   Skills:
 O Level 27 Fighting
 + Level 8.8(13.8) Long Blades
 O Level 27 Axes
 + Level 6.9(24.1) Maces & Flails
 + Level 6.9(24.2) Polearms
 - Level 2.0(11.5) Staves
 - Level 1.1(6.1) Ranged Weapons
 - Level 5.0(10.0) Throwing
 - Level 18.0(23.0) Armour
 - Level 12.0(17.0) Shields
 + Level 6.1(11.1) Unarmed Combat
 - Level 0.6 Conjurations
 - Level 0.7 Hexes
 + Level 4.2 Summonings
 - Level 0.9 Necromancy
 - Level 0.9 Translocations
 - Level 0.7 Fire Magic
 - Level 1.3 Ice Magic
 - Level 0.8 Air Magic
 - Level 1.7 Earth Magic
 - Level 0.9 Poison Magic
 - Level 8.0 Invocations
 - Level 4.0 Evocations


You had 21 spell levels left.
You didn't know any spells.
Your spell library contained the following spells:

 Spells                   Type           Power      Damage    Failure   Level
 Freeze                   Ice            4%         1d3       65%         1
 Shock                    Conj/Air       0%         1d3       73%         1
 Beastly Appendage        Tmut           0%         N/A       83%         1
 Ensorcelled Hibernation  Hex/Ice        2%         N/A       83%         2
 Passwall                 Tmut/Erth      0%         N/A       85%         2
 Wereblood                Tmut           0%         N/A       92%         2
 Frozen Ramparts          Ice            2%         1d1       95%         3
 Ozocubu's Armour         Ice            1%         N/A       95%         3
 Stone Arrow              Conj/Erth      2%         3d7       95%         3
 Confusing Touch          Hex            0%         N/A       97%         3
 Gell's Gravitas          Tloc           1%         N/A       97%         3
 Lesser Beckoning         Tloc           1%         N/A       97%         3
 Swiftness                Air            1%         N/A       97%         3
 Teleport Other           Tloc           1%         N/A       97%         3
 Spider Form              Tmut/Pois      0%         N/A       98%         3
 Airstrike                Air            0%         2d(1-17)  100%        4
 Anguish                  Hex/Necr       0%         N/A       100%        4
 Corpse Rot               Necr/Pois/Air  1%         N/A       100%        4
 Dispel Undead            Necr           1%         3d6       100%        4
 Ice Form                 Ice/Tmut       0%         N/A       100%        4
 Passage of Golubria      Tloc           1%         N/A       100%        4
 Blade Hands              Tmut           0%         N/A       100%        5
 Borgnjor's Vile Clutch   Necr/Erth      0%         N/A       100%        5
 Fireball                 Conj/Fire      0%         3d3       100%        5
 Freezing Cloud           Conj/Ice/Air   0%         6-21      100%        5
 Iskenderun's Battlesphe  Conj           0%         2d6       100%        5
 Silence                  Hex/Air        0%         N/A       100%        5
 Yara's Violent Unravell  Hex/Tmut       0%         3d3       100%        5
 Conjure Ball Lightning   Conj/Air       0%         3x3d6     100%        6
 Iron Shot                Conj/Erth      0%         9d1       100%        6
 Starburst                Conj/Fire      0%         6d3       100%        6
 Enfeeble                 Hex            0%         N/A       100%        7
 Discord                  Hex            0%         N/A       100%        8
 Disjunction              Tloc           0%         N/A       100%        8
 Ignition                 Fire           0%         3d3       100%        8
 Lehudib's Crystal Spear  Conj/Erth      0%         10d2      100%        8
 Necromutation            Tmut/Necr      0%         N/A       100%        8
 Animate Armour           Summ/Erth      Unusable   N/A       N/A         4
 Summon Ice Beast         Ice/Summ       Unusable   N/A       N/A         4
 Animate Dead             Necr           Unusable   N/A       N/A         4
 Death Channel            Necr           Unusable   N/A       N/A         6
 Spellforged Servitor     Conj/Summ      Unusable   N/A       N/A         7

Dungeon Overview and Level Annotations

Branches:
Dungeon (15/15)            Temple (0/1) D:5            Lair (5/5) D:8
  Swamp (4/4) Lair:3       Spider (4/4) Lair:2        Slime (0/5) Lair:5
    Orc (2/2) D:10            Elf (0/3) Orc:2        Vaults (5/5) D:14
  Crypt (0/3) Vaults:2     Depths (2/4) D:15          Sewer (visited)
 Bailey (visited)

Altars:
Elyvilon
Fedhas
Kikubaaqudgha
Okawaru
Qazlal
Ru
Sif Muna
Vehumet
Yredelemnul
Zin
Jiyva

Shops:
D:2 *   Orc:1 (:!   Orc:2 =*[(   Vaults:3 [   Vaults:4 [

Portals:
Hell: Depths:1
Pandemonium: Depths:1

Annotations:
Lair:4 exclusion: oklob plant
Vaults:3 3 runed translucent doors, SuperSeabass's ghost, adept BaAM


Innate Abilities, Weirdness & Mutations

You have a pair of horns on your head.
You reflexively headbutt those who attack you in melee.


Message History

The vault warden is severely wounded.
You slash the ironbound preserver! You burn the ironbound preserver.
The ironbound preserver closely misses you.
You furiously retaliate!
You headbutt the ironbound preserver, but do no damage.
The vault warden hits you with a +0 great sword!!
* * * LOW HITPOINT WARNING * * *
You barely miss the vault warden.
The vault warden is severely wounded.
You strike the helpless ironbound preserver from behind!
You hit the ironbound preserver but do no damage.
Unknown command.
You feel much better.
You flicker back into view.
The ironbound preserver hits you with a +0 dire flail!!
* * * LOW HITPOINT WARNING * * *
The vault warden hits you with a +0 great sword!!
* * * LOW HITPOINT WARNING * * *
The frost giant casts a spell at you. The bolt of cold misses you.
Okay, then.
A red film seems to cover your vision as you go berserk!
You feel yourself moving faster!
You feel mighty!
The ironbound preserver casts a spell.
The ironbound preserver is healed somewhat.
The vault warden hits you with a +0 great sword!
* * * LOW HITPOINT WARNING * * *
The frost giant casts a spell at you. The bolt of cold hits you! You resist.
* * * LOW HITPOINT WARNING * * *
You hear a deafening roar!
You slice the ironbound preserver!! You burn the ironbound preserver!
You headbutt the ironbound preserver!
The ironbound preserver is almost dead.
You barely miss the vault warden.
You hear a shout! x2
The ironbound preserver casts a spell.
The ironbound preserver begins to accept its allies' injuries.
The vault warden hits you with a +0 great sword!!
You die...

#.. #. ...##.
#. ... ...#$
#...#. .#..
#.....#...#
#...#.....#
#.........###.
#.............
#.@p.....#
#.....(p.e....
#...#C#.....#.
#.. .. .......
#. .#. .#..#.#
.. ....
....... . .#
## ## #### ..


You could see an ironbound preserver, a frost giant (sheltered), a vault warden
(sheltered) and a deep elf annihilator (sheltered).

Vanquished Creatures
  A dread lich (Vaults:4)
  Sojobo (Vaults:3)
  Bai Suzhen (Spider:4)
  A bone dragon (Swamp:4)
  Nikola (Swamp:1)
  Arachne (Spider:2)
  Jorgrun (D:15)
  A tentacled monstrosity (Vaults:4)
  A lich (Depths:1)
  Asterion (Spider:4)
  Frances (Spider:2)
  A titan (Vaults:2)
  Gastronok (Lair:2)
  A sphinx (Depths:2)
  Kirke (D:13)
  3 tengu reavers
  A storm dragon (Vaults:4)
  A thorn hunter (Swamp:3)
  The ghost of ShinQuickMan the Sorcerer, an adept DESu of Sif Muna (Swamp:2)
  2 frost giants
  A fire giant (Depths:2)
  An orc warlord (Vaults:1)
  7 emperor scorpions (Spider:4)
  4 ghost moths
  8 vault wardens
  2 broodmothers
  20 very ugly things
  5 stone giants
  20 ironbound preservers
  3 war gargoyles
  9 ironbound thunderhulks
  Azrael (D:13)
  7 eleionomae
  Nessos (Lair:4)
  18 dire elephants
  6 spark wasps
  3 entropy weavers
  5 bunyips
  Snorg (D:13)
  3 ettins
  7 great orbs of eyes
  2 crystal guardians
  10 yaktaur captains
  2 fire dragons (Depths:2)
  A deep elf high priest (Vaults:1)
  4 shambling mangroves
  43 vault guards
  Fannar (D:10)
  3 peacekeepers
  17 hydras
  A boulder beetle (shapeshifter) (Vaults:1)
  2 jorogumos
  A rakshasa (D:15)
  An ice dragon (Depths:1)
  4 boulder beetles
  An ogre mage (D:15)
  A ghost crab (Swamp:4)
  9 ironbound frosthearts
  A catoblepas (D:13)
  4 centaur warriors
  2 radroaches
  7 alligators
  3 death yaks (D:8)
  6 two-headed ogres
  A deep troll shaman (Depths:1)
  2 death knights (Vaults:2)
  4 orc high priests (Orc:2)
  2 spriggan berserkers
  3 tengu warriors
  A deep troll earth mage (Depths:2)
  Sonja (Orc:2)
  2 sun moths
  10 pharaoh ants
  3 goliath frogs
  An iron troll (Depths:1)
  7 steelbarb worms
  60 deep trolls
  9 orb spiders
  5 swamp dragons
  6 bog bodies
  4 spriggan druids
  2 glowing orange brains
  Pikel (D:7)
  5 lindwurms
  3 deep elf pyromancers
  3 phantasmal warriors (Swamp:4)
  A necromancer (Vaults:1)
  11 wizards
  30 wolf spiders
  A fenstrider witch simulacrum (Swamp:3)
  15 ironbound convokers
  11 orc knights
  4 spectral hydras (Swamp:4)
  4 harpies
  45 ugly things
  3 spectral spriggans (Swamp:3)
  5 orc sorcerers
  4 cyclopes
  7 manticores
  A manticore (shapeshifter) (D:15)
  4 black mambas
  4 will-o-the-wisps
  14 vault sentinels
  4 moths of wrath
  5 elephants (Lair:5)
  4 torpor snails
  A gargoyle (D:11)
  10 komodo dragons
  12 cane toads
  5 rime drakes
  24 yaktaurs
  2 unseen horrors
  9 demonic crawlers
  2 kobold demonologists
  3 tengu conjurers
  7 swamp worm zombies (Swamp:4)
  Psyche (D:10)
  An efreet (D:15)
  2 freezing wraiths
  2 hydra zombies (Swamp:4)
  3 meliai (Spider:4)
  13 polar bears
  9 tyrant leeches
  A hornet (shapeshifter) (D:13)
  A polar bear (shapeshifter) (D:15)
  23 slime creatures
  31 tarantellas
  11 hornets
  5 trolls
  A slime creature (shapeshifter) (Vaults:2)
  6 dream sheep (Lair:4)
  8 blink frogs
  5 raiju (Lair:5)
  2 alligator zombies (Swamp:4)
  3 spectral swamp dragons (Swamp:4)
  38 jumping spiders
  Sigmund (D:3)
  4 centaur simulacra
  8 spriggans
  2 shadows
  17 culicivoras
  2 wyverns
  4 fire elementals (D:13)
  3 fire bats (Lair:1)
  54 yaks
  2 hogs (D:13)
  2 hogs (shapeshifter) (D:15)
  5 basilisks
  2 humans (D:13)
  A naga (shapeshifter) (D:14)
  48 redbacks
  13 vampire mosquitoes
  7 spriggan simulacra (Swamp:3)
  5 wargs
  16 swamp worms
  A swamp worm (shapeshifter) (Vaults:4)
  3 acid dragons
  13 water moccasins
  14 hell hounds
  A floating eye (Depths:2)
  A swamp drake (Swamp:3)
  An ice beast (D:5)
  27 orc warriors
  2 sky beasts
  14 black bears
  5 swamp dragon zombies (Swamp:4)
  3 ogres
  28 wolves
  3 centaurs
  4 lemures (D:7)
  5 phantoms (Swamp:4)
  2 kobold brigands
  11 bullfrogs
  5 necrophages
  4 scorpions
  A wyvern zombie (D:8)
  2 wights
  17 killer bees
  6 howler monkeys
  7 electric eels
  A centaur zombie (D:8)
  3 jellies
  2 hounds
  A human zombie (D:8)
  15 orc priests
  2 gnoll boudas
  Jessica (D:3)
  Terence (D:3)
  2 iguanas
  A spectral swamp drake (Swamp:4)
  22 orc wizards
  A hell rat (D:8)
  A killer bee zombie (D:8)
  2 mummies (D:8)
  2 howler monkey zombies (D:8)
  16 gnolls
  4 adders
  3 river rats (D:3)
  A shadow imp (D:5)
  2 white imps
  4 worms
  2 dart slugs
  85 orcs
  3 ball pythons
  4 endoplasms
  14 giant cockroaches
  9 goblins
  12 hobgoblins
  14 quokkas
  4 bats
  13 frilled lizards
  7 kobolds
  6 rats
  7 briar patches (Swamp:3)
  A bush (D:10)
  A butterfly (D:10)
1479 creatures vanquished.

Vanquished Creatures (others)
  A bog body (Swamp:1)
  2 bloated husks
  A phantom (Swamp:4)
  An orc wizard (D:9)
  5 briar patches (Swamp:3)
  A bush (Lair:2)
  6 foxfires (Swamp:3)
  20 fungi
  54 plants
91 creatures vanquished.

Grand Total: 1570 creatures vanquished

Notes
Turn   | Place    | Note
-------+----------+-------------------------------------------
     0 | D:1      | cowcol the Minotaur Fighter began the quest for the Orb.
     0 | D:1      | Reached XP level 1. HP: 19/19 MP: 0/0
    62 | D:1      | Identified 3 scrolls of acquirement
    62 | D:1      | Acquired the ring of Wanisu {rPois rCorr Int+6 Dex+2 SInv}
   287 | D:1      | Reached XP level 2. HP: 27/27 MP: 1/1
   519 | D:1      | Acquired 920 gold pieces
   523 | D:1      | Acquired the +15 Maxwell's patent armour {-Cast -Tele rElec
                  | Will+ rCorr}
   523 | D:1      | Found the +15 Maxwell's patent armour {-Cast -Tele rElec
                  | Will+ rCorr}
   710 | D:1      | Found a faded altar of an unknown god.
   878 | D:2      | Found Riviohar's Assorted Antiques.
   987 | D:2      | Found an iron altar of Okawaru.
  1014 | D:2      | Became a worshipper of Warmaster Okawaru
  1772 | D:3      | Noticed a water moccasin
  1784 | D:3      | Killed a water moccasin
  1785 | D:3      | Reached XP level 3. HP: 22/34 MP: 2/2
  1785 | D:3      | Reached XP level 4. HP: 27/41 MP: 3/3
  1988 | D:3      | Reached XP level 5. HP: 45/47 MP: 4/4
  2011 | D:3      | Found a glowing drain.
  2030 | Sewer    | Entered a sewer
  2197 | Sewer    | Reached skill level 5 in Axes
  2658 | Sewer    | Reached skill level 5 in Armour
  2807 | Sewer    | Reached skill level 5 in Fighting
  2807 | Sewer    | Reached XP level 6. HP: 56/56 MP: 5/5
  3201 | D:3      | Noticed Sigmund
  3209 | D:3      | Noticed Terence
  3211 | D:3      | Killed Sigmund
  3211 | D:3      | Reached * piety under Okawaru
  3215 | D:3      | Killed Terence
  3391 | D:3      | Noticed Jessica
  3394 | D:3      | Killed Jessica
  3395 | D:3      | Reached XP level 7. HP: 61/61 MP: 6/6
  4530 | D:4      | Found a shimmering blue altar of Sif Muna.
  5024 | D:5      | Entered Level 5 of the Dungeon
  5168 | D:5      | Reached XP level 8. HP: 70/70 MP: 7/7
  5260 | D:5      | Reached ** piety under Okawaru
  5424 | D:5      | Found a staircase to the Ecumenical Temple.
  5607 | D:5      | Acquired the +4 war axe of Biuxtah {flame, rN+}
  5718 | D:6      | Reached skill level 10 in Axes
  6726 | D:7      | Reached XP level 9. HP: 78/78 MP: 8/8
  6761 | D:7      | Reached *** piety under Okawaru
  6764 | D:7      | Reached skill level 1 in Invocations
  6969 | D:7      | Noticed Pikel
  7011 | D:7      | Killed Pikel
  7547 | D:7      | Noticed a two-headed ogre
  7556 | D:7      | Killed a two-headed ogre
  7557 | D:7      | Reached skill level 1 in Throwing
  8053 | D:7      | You fall into a shaft and drop 3 floors!
  8053 | D:10     | Entered Level 10 of the Dungeon
  8075 | D:9      | Reached **** piety under Okawaru
  8098 | D:9      | Received a gift from Okawaru
  8106 | D:9      | Reached XP level 10. HP: 77/88 MP: 9/9
  8113 | D:9      | Found a flagged portal.
  8132 | Bailey   | Entered a bailey
  8267 | Bailey   | Noticed an orc sorcerer
  8269 | Bailey   | Noticed a soul eater
  8280 | Bailey   | Killed an orc sorcerer
  8280 | Bailey   | Received a gift from Okawaru
  8310 | Bailey   | Found an iron altar of Okawaru.
  8310 | Bailey   | Noticed an orc knight
  8319 | Bailey   | Killed an orc knight
  8336 | Bailey   | Identified the +6 spear of Fate {flame, rN+ Will+ Int+4
                  | Stlth-}
  8397 | Bailey   | Identified the +0 robe of Juis {rElec Archmagi}
  8398 | Bailey   | Identified the +2 helmet of the Sun {rF+ Int+5}
  8539 | Bailey   | Reached ***** piety under Okawaru
  8677 | Bailey   | Noticed an orc knight
  8683 | Bailey   | Reached skill level 10 in Armour
  8694 | Bailey   | Killed an orc knight
  9966 | D:8      | Noticed a death yak
  9971 | D:8      | Noticed a death yak
  9980 | D:8      | Killed a death yak
  9981 | D:8      | Reached skill level 15 in Axes
  9981 | D:8      | Noticed a death yak
  9996 | D:8      | Killed a death yak
  9997 | D:8      | Reached XP level 11. HP: 93/97 MP: 11/11
 10014 | D:8      | Killed a death yak
 10069 | D:8      | Found a staircase to the Lair.
 10080 | D:8      | Got the Precepts of Bewitchment and the Chill
 10292 | D:8      | Found a basalt altar of Yredelemnul.
 10658 | D:9      | Identified the +3 plate armour of Chimes {rN+ Regen+ Str+3
                  | Int-5} (Okawaru gifted it to you on level 9 of the Dungeon)
 10658 | D:9      | Received a gift from Okawaru
 10661 | D:9      | Noticed a two-headed ogre
 11228 | D:9      | Identified the +2 helmet of Niuxu {-Tele Fly rCorr}
 11607 | D:10     | Found a staircase to the Orcish Mines.
 11897 | D:10     | Found a white marble altar of Elyvilon.
 11898 | D:10     | Noticed Fannar
 11911 | D:10     | Killed Fannar
 11912 | D:10     | Reached skill level 10 in Fighting
 12520 | D:10     | Noticed Psyche
 12526 | D:10     | Killed Psyche
 14217 | Lair:1   | Entered Level 1 of the Lair of Beasts
 14300 | Lair:1   | Found a dark tunnel.
 14721 | Lair:1   | Reached XP level 12. HP: 110/110 MP: 13/13
 14741 | Lair:1   | Identified the +0 hat of the Countless Orbs {rPois Will+
                  | Str+3} (Okawaru gifted it to you on level 1 of the Lair of
                  | Beasts)
 14741 | Lair:1   | Received a gift from Okawaru
 14862 | Lair:1   | Acquired 699 gold pieces
 15489 | Lair:2   | Noticed Gastronok
 15503 | Lair:2   | Killed Gastronok
 15852 | Lair:2   | Noticed a four-headed hydra
 15859 | Lair:2   | Killed a one-headed hydra
 16123 | Lair:2   | Found a hole to the Spider Nest.
 16547 | Lair:3   | Noticed a seven-headed hydra
 16554 | Lair:2   | Killed a four-headed hydra
 16554 | Lair:2   | Reached ****** piety under Okawaru
 16562 | Lair:3   | Noticed a six-headed hydra
 16984 | Lair:2   | Identified the +1 pair of boots of Failure {*Corrode rF+++
                  | rC+ Dex+5} (Okawaru gifted it to you on level 2 of the Lair
                  | of Beasts)
 16984 | Lair:2   | Received a gift from Okawaru
 16985 | Lair:2   | Killed a two-headed hydra
 17195 | Lair:3   | Identified the +1 long sword "Kepich" {vamp, rF- rC+ Int+5
                  | Dex+2}
 17269 | Lair:3   | Reached XP level 13. HP: 120/125 MP: 14/14
 17579 | Lair:3   | Found a staircase to the Swamp.
 17876 | Lair:3   | Reached skill level 15 in Fighting
 19052 | Lair:4   | Noticed Nessos
 19065 | Lair:4   | Killed Nessos
 19087 | Lair:4   | Identified the +8 dagger "Yggaj" {freeze, rC- MP+9 Dex+8}
 19143 | Lair:4   | Found a blossoming altar of Fedhas.
 19382 | Lair:4   | Reached skill level 5 in Shields
 19387 | Lair:4   | Got Sitwud's Encyclopedia of Shifting Darkness
 19793 | Lair:4   | Received a gift from Okawaru
 19974 | Lair:5   | Entered Level 5 of the Lair of Beasts
 20285 | Lair:5   | Found a viscous altar of Jiyva.
 20285 | Lair:5   | Found a staircase to the Slime Pits.
 20514 | Lair:5   | Received a gift from Okawaru
 20858 | Lair:5   | Reached XP level 14. HP: 138/138 MP: 16/16
 21256 | Lair:5   | Identified the +12 great sword "Nyssent" {freeze, Int+5}
                  | (Okawaru gifted it to you on level 5 of the Lair of Beasts)
 21256 | Lair:5   | Received a gift from Okawaru
 21807 | Orc:1    | Entered Level 1 of the Orcish Mines
 21807 | Orc:1    | Found Viabahag's Weapon Boutique.
 22340 | Orc:1    | Found Qaoj's Book Shoppe.
 22609 | Orc:1    | Found Nugumuam's Distillery.
 22628 | Orc:1    | Bought 2 potions of resistance for 280 gold pieces
 22628 | Orc:1    | Bought a potion of mutation for 112 gold pieces
 22905 | Orc:2    | Entered Level 2 of the Orcish Mines
 22944 | Orc:2    | Noticed Sonja
 22955 | Orc:2    | Killed Sonja
 23203 | Orc:2    | Found a staircase to the Elven Halls.
 23332 | Orc:2    | Received a gift from Okawaru
 23630 | Orc:2    | Found a radiant altar of Vehumet.
 23976 | Orc:2    | Reached skill level 1 in Long Blades
 24204 | Orc:2    | Found Sakum's Weapon Boutique.
 24204 | Orc:2    | Found Daone's Jewellery Shoppe.
 24206 | Orc:2    | Found Mykly's Antique Armour Boutique.
 24206 | Orc:2    | Found Juread's General Store.
 24217 | Orc:2    | Bought a +4 ring of evasion for 468 gold pieces
 25019 | D:12     | Found a glowing silver altar of Zin.
 26032 | D:13     | Received a gift from Okawaru
 26056 | D:13     | Noticed Snorg
 26070 | D:13     | Killed Snorg
 26249 | D:13     | Found a glowing silver altar of Zin.
 26417 | D:13     | Noticed Azrael
 26432 | D:13     | Killed Azrael
 26451 | D:13     | Noticed Kirke
 26463 | D:13     | Killed Kirke
 26463 | D:13     | Received a gift from Okawaru
 27106 | D:14     | Reached XP level 15. HP: 150/150 MP: 17/17
 27435 | D:14     | Reached skill level 5 in Long Blades
 27753 | D:14     | Found a gate to the Vaults.
 28093 | D:14     | Acquired a manual of Fighting
 28225 | D:15     | Entered Level 15 of the Dungeon
 28583 | D:15     | Identified the +4 pair of boots of Wisdom {SInv} (Okawaru
                  | gifted it to you on level 15 of the Dungeon)
 28583 | D:15     | Received a gift from Okawaru
 28612 | D:15     | Noticed Jorgrun
 28630 | D:15     | Killed Jorgrun
 28992 | D:15     | Reached skill level 5 in Invocations
 29219 | D:15     | Identified the +1 robe of Plasticity {Rampage rN+ Dex+3
                  | Slay-4}
 29420 | D:15     | Received a gift from Okawaru
 29810 | D:15     | Received a gift from Okawaru
 29946 | D:15     | Reached skill level 10 in Shields
 30449 | D:15     | Found a staircase to the Depths.
 31006 | Swamp:1  | Entered Level 1 of the Swamp
 31292 | Swamp:1  | Noticed Nikola
 31306 | Swamp:1  | Killed Nikola
 31307 | Swamp:1  | Reached XP level 16. HP: 91/165 MP: 10/19
 31906 | Swamp:1  | Reached skill level 15 in Armour
 32533 | Swamp:1  | Identified the +8 battleaxe "Jaalev" {speed, Int+5 Dex-5
                  | Stlth+} (Okawaru gifted it to you on level 1 of the Swamp)
 32533 | Swamp:1  | Received a gift from Okawaru
 33382 | Swamp:3  | Found a runed translucent gate.
 33382 | Swamp:3  | Found a runed translucent gate.
 33411 | Swamp:3  | Found a runed translucent gate.
 33419 | Swamp:3  | Noticed ShinQuickMan's ghost (adept DESu)
 33625 | Swamp:2  | Killed ShinQuickMan's ghost
 33791 | Swamp:3  | Reached skill level 5 in Throwing
 33791 | Swamp:3  | Reached XP level 17. HP: 176/176 MP: 20/20
 33792 | Swamp:3  | Reached XP level 18. HP: 184/184 MP: 20/22
 34211 | Swamp:3  | Received a gift from Okawaru
 36120 | Swamp:4  | Entered Level 4 of the Swamp
 37314 | Swamp:4  | Received a gift from Okawaru
 37814 | Swamp:4  | Received a gift from Okawaru
 37901 | Swamp:4  | Noticed a bone dragon
 37912 | Swamp:4  | Killed a bone dragon
 37944 | Swamp:4  | Got a decaying rune of Zot
 39030 | Spider:1 | Entered Level 1 of the Spider Nest
 39229 | Spider:1 | Reached XP level 19. HP: 195/195 MP: 23/23
 41490 | Spider:2 | Noticed Frances
 41712 | Spider:2 | Killed Frances
 41819 | Spider:2 | Received a gift from Okawaru
 42109 | Spider:2 | Identified the +1 hand axe of the Lumpy Hells {freeze,
                  | rElec rPois Str-5 Stlth+} (Okawaru gifted it to you on
                  | level 2 of the Spider Nest)
 42109 | Spider:2 | Received a gift from Okawaru
 43190 | Spider:2 | Noticed Arachne
 43210 | Spider:2 | Killed Arachne
 43501 | Spider:2 | Identified the +6 scale mail of Living Curiosity {Int+4
                  | SInv Stlth+}
 43889 | Spider:2 | Identified the +8 flail "Saixatzoe" {vorpal, rElec rC+
                  | Will+}
 45804 | Spider:4 | Entered Level 4 of the Spider Nest
 45816 | Spider:4 | Noticed Asterion
 46271 | Spider:4 | Killed Asterion
 46530 | Spider:4 | Noticed Bai Suzhen
 46546 | Spider:4 | Killed Bai Suzhen
 47824 | Spider:4 | Received a gift from Okawaru
 47825 | Spider:4 | Reached XP level 20. HP: 195/210 MP: 20/25
 48269 | Spider:4 | Got a gossamer rune of Zot
 48656 | Depths:1 | Entered Level 1 of the Depths
 49071 | Depths:1 | Found a stormy altar of Qazlal.
 49209 | Depths:1 | Found a gateway to Hell.
 49294 | Depths:1 | Found a one-way gate leading to the halls of Pandemonium.
 49736 | Depths:1 | Found a sacrificial altar of Ru.
 49794 | Depths:2 | Received a gift from Okawaru
 49814 | Depths:2 | Paralysed by a floating eye for 3 turns
 50193 | Vaults:1 | Entered Level 1 of the Vaults
 50856 | Vaults:1 | Identified the +0 ring mail of the Twelve Souls {rElec
                  | Will- rCorr Dex+4}
 50879 | Vaults:1 | Received a gift from Okawaru
 51696 | Vaults:1 | Received a gift from Okawaru
 53593 | D:2      | Bought a scroll of enchant armour for 165 gold pieces
 53593 | D:2      | Bought a scroll of silence for 209 gold pieces
 54155 | Vaults:2 | Reached skill level 27 in Fighting
 54158 | Vaults:2 | Reached XP level 21. HP: 182/224 MP: 19/26
 55302 | Vaults:2 | Reached skill level 27 in Axes
 55311 | Vaults:2 | Received a gift from Okawaru
 55686 | Vaults:2 | Found a staircase to the Crypt.
 56071 | Vaults:3 | Reached skill level 1 in Earth Magic
 56152 | Vaults:2 | Reached skill level 1 in Unarmed Combat
 56172 | Vaults:2 | Reached skill level 1 in Polearms
 56291 | Vaults:2 | Reached skill level 1 in Maces & Flails
 56306 | Vaults:2 | Reached skill level 1 in Staves
 56700 | Vaults:2 | Reached skill level 1 in Ranged Weapons
 56700 | Vaults:2 | Reached skill level 1 in Evocations
 56900 | Vaults:2 | Reached skill level 1 in Ice Magic
 57420 | Vaults:3 | Reached skill level 1 in Summonings
 57455 | Vaults:3 | Received a gift from Okawaru
 57525 | Vaults:3 | Identified the +6 chain mail of Tudotue {rN+ Int+5}
 57566 | Vaults:3 | Found a runed translucent gate.
 57566 | Vaults:3 | Found a runed translucent gate.
 57566 | Vaults:3 | Found an ancient bone altar of Kikubaaqudgha.
 57566 | Vaults:3 | Found a runed translucent gate.
 57566 | Vaults:3 | Noticed a dread lich
 57566 | Vaults:3 | Noticed an ancient lich
 57566 | Vaults:3 | Noticed a dread lich
 57566 | Vaults:3 | Noticed SuperSeabass's ghost (adept BaAM)
 57732 | Vaults:3 | Noticed Sojobo
 57747 | Vaults:3 | Killed Sojobo
 58084 | Vaults:3 | Identified the ring of Light {rF++ Int+6 Dex-2 SInv Stlth+}
 58472 | Vaults:3 | Found Gown's Antique Armour Boutique.
 58498 | Vaults:3 | Bought a runed scarf for 264 gold pieces
 60563 | Vaults:4 | Reached XP level 22. HP: 229/233 MP: 27/27
 60569 | Vaults:4 | Reached skill level 5 in Maces & Flails
 60577 | Vaults:4 | Reached skill level 5 in Polearms
 60617 | Vaults:4 | Received a gift from Okawaru
 60653 | Vaults:4 | Reached skill level 5 in Unarmed Combat
 60656 | Vaults:4 | Identified the +1 plate armour of Icritov {Dex+4} (Okawaru
                  | gifted it to you on level 4 of the Vaults)
 60656 | Vaults:4 | Received a gift from Okawaru
 61571 | Vaults:4 | Found Geidwun's Armour Shoppe.
 62002 | Vaults:5 | Entered Level 5 of the Vaults
 62107 | Vaults:5 | Noticed a dread lich
 62590 | Vaults:4 | Paralysed by a dread lich for 4 turns
 63085 | Vaults:4 | Killed a dread lich
 64649 | Vaults:5 | Slain by a vault warden

Illustrated notes

Levels and vault maps discovered:
D:1:      scummos_arrival_checkerplants, layout_rooms,
          chequers_ecumenical_altar_grove, serial_curves, eino_curves_04,
          eino_curves_04
D:2:      layout_basic, basic_altar, serial_shops, nicolae_shop_hallway_stairs
D:3:      layout_basic, gup_sewer_entry_bubbles, uniq_sigmund, uniq_jessica,
          uniq_terence
D:4:      layout_gridville, nicolae_sif_muna_little_library, serial_rivers,
          chequers_serial_rivers_micro_e, chequers_serial_rivers_micro_c,
          chequers_serial_rivers_room_b, chequers_serial_rivers_large_b,
          minmay_misc_feat_nine_boxes, nicolae_concentric_dashed_squares_wild,
          minmay_door_square
D:5:      kennysheep_six_static_rooms, layout_basic, temple_hall
D:6:      layout_cave_pools, lightli_corner_chamber
D:7:      layout_basic, uniq_pikel
D:8:      layout_rooms, lemuel_mausoleum_altar_yredelemnul, dpeg_lair_monsters,
          dk_noncrumbling_4, hangedman_glass_teeth, minivault_26
D:9:      layout_long_grid, enter_bailey_4, nicolae_benzene_ring
D:10:     layout_roguey, nicolae_elyvilon_peaceful_grove, hiddenorc2_lemuel,
          uniq_fannar, uniq_psyche
D:11:     layout_loops_ring
D:12:     layout_long_grid, zin_statuary
D:13:     layout_basic, minmay_misc_feat_more_columns, minmay_ruined_shrine,
          uniq_snorg, uniq_azrael, uniq_kirke
D:14:     layout_long_grid, erik_vaults_2, hangedman_decor_clover_reticule,
          corexii_corridor_pit
D:15:     gammafunk_enter_depths_forms, layout_rooms,
          minmay_the_grid_square_5x5_3x3_mashed
          [minmay_the_grid_square_5x5_shrine2,
          minmay_the_grid_square_5x5_tetrominoes,
          minmay_the_grid_square_5x5_longway, minmay_the_grid_square_5x5_plus,
          minmay_the_grid_square_5x5_megaprize_crossed,
          minmay_the_grid_square_5x5_beaten_path,
          minmay_the_grid_square_5x5_broken_cross,
          minmay_the_grid_square_5x5_checkered_statues,
          minmay_the_grid_square_5x5_empty], uniq_jorgrun
Lair:1:   layout_loops_ring, nicolae_volcano_entry_batcave, st_stairs_7,
          grunt_megastairs_4
Lair:2:   layout_loops_ring, spider_nest_entry_web_field, serial_bayou_pond_a,
          columned_hall_lemuel, st_stairs_9, fungi_pond_lemuel, evilmike_ambush
          [evilmike_ambush_outer_doors, evilmike_ambush_inner_basic],
          lemuel_fruit_fields, uniq_gastronok
Lair:3:   layout_small_grid, nicolae_swamp_entry_splash_gauntlet,
          lemuel_fruit_tree
Lair:4:   layout_regular_city, hangedman_tree_tricks, grunt_megastairs_3,
          uniq_nessos
Lair:5:   hangedman_lair_caniforms_friends, layout_long_grid, slime_entry_1,
          chequers_serial_rivers_small_3
Swamp:1:  layout_basic_swamp, serial_swamp_ruin, evilmike_swamp_ruin_house_6,
          evilmike_swamp_ruin_house_4, infiniplex_staircase_pool, uniq_nikola
Swamp:2:  layout_basic_swamp, hangedman_swamp_diagram
Swamp:3:  nicolae_swamp_tree_isthmus, layout_basic_swamp,
          gammafunk_ghost_necromancy, nicolae_swamp_little_tower
Swamp:4:  swamp_pestilence, layout_basic_swamp, swamp_pool4
Spider:1: layout_chambers
Spider:2: nicolae_spider_mines_3, nicolae_spider_cling_halls, uniq_frances,
          uniq_arachne
Spider:3: layout_cave_pods
Spider:4: guppyfry_spider_rune, drop_trap, nicolae_crawler_farm,
          uniq_bai_suzhen, uniq_asterion
Orc:1:    layout_diamond_mine, serial_shops, nicolae_diamond_shop, shop, shop
Orc:2:    grunt_orc_tribal_feast, layout_caves, basic_altar,
          kennysheep_orc_chapel, uniq_sonja
Vaults:1: vaults_room_glass_cross, v_misc_15, v_misc_17, v_misc_17,
          nicolae_vaults_shelves_hall, vaults_room_door_hall,
          layout_vaults_quadrants
Vaults:2: v_rooms_5, blue_anna_dwarven_crypt, hangedman_vaults_river_flow,
          vaults_dpeg_emergency_exit, v_misc_11, hangedman_vaults_pinch,
          nicolae_vaults_yaktaur_gun_rack, vaults_room_corners,
          hangedman_vaults_stretched_pinwheel, vaults_dpeg_cross,
          vaults_room_hallway, layout_vaults_chaotic_city
Vaults:3: gammafunk_ghost_crypt, nicolae_vaults_network_square, v_misc_29,
          vaults_dpeg_spiral, ontoclasm_vaults_ring_square, v_misc_30,
          vaults_dpeg_encased_lava, ontoclasm_vaults_twist,
          nicolae_vaults_little_squares_6, grunt_vaults_funnel,
          ontoclasm_vaults_decontamination, v_misc_13, st_cross,
          nicolae_vaults_angled_halls, nicolae_vaults_theta,
          nicolae_vaults_sealed_display, v_misc_27, layout_vaults_maze,
          serial_shops, nicolae_shop_overgrown_old_shop, uniq_sojobo
Vaults:4: vaults_room_guarded_vault, grunt_vaults_trifunnel,
          nicolae_vaults_little_squares_2, v_misc_14,
          nicolae_vaults_mini_display_case, v_misc_10, vaults_room_ringed_pool,
          hangedman_vaults_stagger, nicolae_vaults_network_quinsquares
          [nicolae_vaults_network_quincunx_subvault,
          nicolae_vaults_network_quincunx_subvault,
          nicolae_vaults_network_quincunx_subvault,
          nicolae_vaults_network_quincunx_subvault],
          nicolae_vaults_little_squares_3, ontoclasm_vaults_hangar, v_misc_24,
          layout_vaults_omnibox, serial_shops, shop_fountains
Vaults:5
Depths:1: layout_twisted_cross, nicolae_qazlal_general_emergency, pan_entry,
          hell_entry, hangedman_abyss_or_decor_lesser_grid,
          nicolae_ru_path_of_blood
Depths:2: minmay_nested_s, layout_cave_shapes, rand_demon_pan_entry_5,
          okawaru_trees_1, hell_entry, serial_shops, shop,
          nicolae_elevator_lobby_plus

Skill      XL: |  1  2  3  4  5  6  7  8  9 10 11 12 13 14 15 16 17 18 19 20 21 22 |
---------------+-------------------------------------------------------------------+-----
Fighting       | 4 5 6 7 9 11 14 16 18 20 21 22 23 25 27 | 27.0
Armour         | 4 5 7 9 10 12 13 14 15 16 17 18 | 18.0
Axes           | 4 5 6 8 11 13 15 16 18 19 20 21 23 24 26 27 | 27.0
Invocations    | 1 2 3 4 5 6 8 |  8.0
Throwing       | 1 2 3 5 |  5.0
Shields        | 4 6 8 10 11 12 | 12.0
Long Blades    | 4 5 7 8 |  8.8
Earth Magic    | 1 |  1.7
Unarmed Combat | 4 6 |  6.1
Polearms       | 4 6 |  6.9
Maces & Flails | 4 6 |  6.9
Staves         | 2 |  2.0
Ranged Weapons | 1 |  1.1
Evocations     | 3 4 |  4.0
Ice Magic      | 1 |  1.3
Summonings     | 3 4 |  4.2
Conjurations   | |  0.6
Hexes          | |  0.7
Necromancy     | |  0.9
Translocations | |  0.9
Fire Magic     | |  0.7
Air Magic      | |  0.8
Poison Magic   | |  0.9

Action                   |  1- 3 |  4- 6 |  7- 9 | 10-12 | 13-15 | 16-18 | 19-21 | 22-24 || total
-------------------------+-------+-------+-------+-------+-------+-------+-------+-------++-------
Melee: War axe           |    64 |   115 |   199 |   528 |   998 |       |       |       ||  1904
       Headbutt          |     5 |    13 |    35 |    97 |   270 |   121 |   325 |    70 ||   936
       Executioner's axe |       |       |       |       |    26 |   381 |  1253 |   184 ||  1844
Throw: Dart              |       |     3 |       |       |    17 |     5 |    33 |     5 ||    63
       Boomerang         |       |       |     4 |       |     9 |    41 |       |       ||    54
       Javelin           |       |       |       |       |     2 |       |     1 |       ||     3
Invok: Heroism           |       |       |     4 |    18 |    34 |     7 |    81 |     7 ||   151
       Finesse           |       |       |       |       |     2 |     1 |    27 |     2 ||    32
Evoke: Wand              |       |       |       |       |    11 |     2 |     8 |       ||    21
  Use: Scroll            |     6 |       |     9 |    12 |     9 |     4 |     7 |     5 ||    52
       Potion            |     3 |     1 |     4 |     2 |     1 |     3 |     9 |     6 ||    29
 Stab: Distracted        |       |       |       |     1 |       |       |       |       ||     1
       Invisible         |       |       |       |       |       |     1 |       |     4 ||     5
       Held in net/web   |       |       |       |       |       |       |     1 |       ||     1
Armor: Scale mail        |    24 |       |       |       |       |       |       |       ||    24
       Plate armour      |    28 |    82 |   131 |   276 |   452 |   294 |   713 |   178 ||  2154
Dodge: Dodged            |    26 |    33 |   118 |   235 |   339 |   198 |   678 |   140 ||  1767
Block: Buckler           |     8 |    26 |    39 |    95 |   132 |       |       |       ||   300
       Kite shield       |       |       |       |       |    99 |       |       |       ||    99
       Tower shield      |       |       |       |       |   167 |       |       |       ||   167
